 Dungeon Crawl Stone Soup version 0.27-a0-1324-ge0d8e047f6 (webtiles) character file.

Game seed: 12648591693307945725

123 lunkers the Gusty (level 4, 0/33 HPs)
             Began as a Draconian Air Elementalist on June 23, 2021.
             Slain by Jessica (2 damage)
             ... on level 3 of the Dungeon.
             The game lasted 00:04:59 (2508 turns).

lunkers the Gusty (Draconian Air Elementalist)      Turns: 2508, Time: 00:04:59

Health: 0/33       AC:  5    Str: 10    XL:     4   Next: 80%
Magic:  1/8        EV: 12    Int: 16    God:
Gold:   97         SH:  0    Dex: 12    Spells: 2/8 levels left

rFire    . . .     SeeInvis .   (no weapon)
rCold    . . .     Faith    .   (no shield)
rNeg     . . .     Spirit   .   (armour unavailable)
rPois    .         Reflect  .   (helmet restricted)
rElec    .         Harm     .   (no cloak)
rCorr    .         Rampage  .   (no gloves)
Will     .....                  (no boots)
Stlth    ++........             (no amulet)
HPRegen  0.11/turn              (no ring)
MPRegen  0.11/turn              (no ring)

@: slowed, very slow
A: AC +5, unfitting armour, cold-blooded
a: no special abilities


You were on level 3 of the Dungeon.
You visited 1 branch of the dungeon, and saw 3 of its levels.

You collected 97 gold pieces.

Inventory:

Scrolls
 a - 2 scrolls of fog {unknown}
 b - a scroll of amnesia {unknown}
 d - 2 scrolls of enchant armour {unknown}
 e - 2 scrolls of enchant weapon {unknown}
 h - a scroll of identify {unknown}
 i - a scroll of magic mapping {unknown}
 j - a scroll of immolation {unknown}
 k - a scroll of teleportation {unknown}
Potions
 c - a potion of heal wounds {unknown}
 f - 2 potions of brilliance {unknown}
 g - 2 potions of resistance {unknown}


   Skills:
 - Level 1.7 Dodging
 - Level 1.7 Stealth
 + Level 2.8 Spellcasting
 + Level 2.3 Conjurations
 * Level 4.5 Air Magic


You had 2 spell levels left.
You knew the following spells:

 Your Spells              Type           Power      Damage    Failure   Level
a - Shock                 Conj/Air       52%        1d6       4%          1
b - Static Discharge      Conj/Air       13%        N/A       7%          2
c - Swiftness             Air            16%        N/A       9%          3

Your spell library contained the following spells:

 Spells                   Type           Power      Damage    Failure   Level
 Animate Skeleton         Necr           4%         N/A       19%         1
 Pain                     Necr           8%         1d4       19%         1
 Airstrike                Air            8%         N/A       30%         4
 Vampiric Draining        Necr           1%         2d6       50%         3
 Lightning Bolt           Conj/Air       6%         1d18      78%         5
 Animate Dead             Necr           1%         N/A       88%         4
 Agony                    Necr           2%         N/A       99%         5


Dungeon Overview and Level Annotations

Branches:
Dungeon (3/15)

Altars:
Hepliaklqana

Annotations:
D:3 Jessica


Innate Abilities, Weirdness & Mutations

Your plain brown scales are hard. (AC +5)
You cannot fit into any form of body armour.
You are cold-blooded and may be slowed by cold attacks.


Message History

Press: ? - help, Shift-Dir - straight line You miscast Shock.
You are very lightly contaminated with residual magic.
Nothing appears to happen.
Casting: Shock (safe; 4% risk of failure)
Confirm with . or Enter, or press ? or * to list all spells.
Aiming: Shock (safe; 4% risk of failure)
Press: ? - help, Shift-Dir - straight line Something hits you!
Unknown command.
Casting: Shock (safe; 4% risk of failure)
Confirm with . or Enter, or press ? or * to list all spells.
Something is struck by an arc of lightning.
You are struck by an arc of lightning.
The lightning grounds out.
Something hits you.
* * * LOW HITPOINT WARNING * * *
Casting: Static Discharge (safe; 7% risk of failure)
Confirm with . or Enter, or press ? or * to list all spells.
Something is struck by an arc of lightning.
You are struck by an arc of lightning.
* * * LOW HITPOINT WARNING * * *
The lightning grounds out.
* * * LOW MAGIC WARNING * * *
Something hits you.
* * * LOW HITPOINT WARNING * * *
Pain shoots through your body!
* * * LOW HITPOINT WARNING * * *
Casting: Static Discharge (safe; 7% risk of failure)
Confirm with . or Enter, or press ? or * to list all spells.
Aiming: Shock (safe; 4% risk of failure)
Press: ? - help, Shift-Dir - straight line The zap hits something.
* * * LOW MAGIC WARNING * * *
You hear some strange, mumbled words.
Unknown command.
Unknown command.
Your magical contamination has completely faded away.
You feel yourself slow down. Something hits you.
You die...

#.......+ ##......###
###########.........#
#........)#..##...#
#............#<.###
#.........##...#######
#....).........##.....
#.................#
#.............@.##
#....†..........######
#.....................
#..............#......
#.................##..
#####.........#.#.....
#.................
#.#.....#.#.##....
#...........# ....


There were no monsters in sight!

Vanquished Creatures
  A centaur skeleton (D:2)
  3 adders (D:2)
  3 dart slugs
  2 bats
  4 endoplasms
  3 giant cockroaches
  5 goblins (D:1)
  3 hobgoblins (D:2)
  8 jackals (D:1)
  2 quokkas
  6 ball pythons
  3 frilled lizards
  6 kobolds
  8 rats
57 creatures vanquished.

Notes
Turn   | Place    | Note
-------+----------+-------------------------------------------
     0 | D:1      | lunkers the Draconian Air Elementalist began the quest for
                  | the Orb.
     0 | D:1      | Reached XP level 1. HP: 14/14 MP: 3/3
   357 | D:1      | Reached XP level 2. HP: 20/20 MP: 3/5
   875 | D:1      | Reached XP level 3. HP: 26/26 MP: 4/6
  1461 | D:2      | Reached skill level 4 in Air Magic
  1461 | D:2      | Reached XP level 4. HP: 31/33 MP: 2/7
  1704 | D:2      | Found a hazy altar of Hepliaklqana.
  1726 | D:2      | Learned a level 2 spell: Static Discharge
  1900 | D:2      | Learned a level 3 spell: Swiftness
  2495 | D:3      | Noticed Jessica
  2502 | D:3      | HP: 1/33 [something/nerve-wracking pain (14)]
  2508 | D:3      | Slain by Jessica

Illustrated notes

Levels and vault maps discovered:
D:1:      lightli_arrival_chessboard, layout_rooms, chequers_jeans,
          minmay_crystal_water
D:2:      layout_rooms, basic_altar
D:3:      layout_rooms, minmay_overflow_temple_star_quad, uniq_jessica

Skill      XL: |  1  2  3 |
---------------+----------+-----
Conjurations   | 2 |  2.3
Air Magic      | 4 |  4.5
Dodging        | |  1.7
Stealth        | |  1.7
Spellcasting   | |  2.8

Action                   |  1- 3 |  4- 6 || total
-------------------------+-------+-------++-------
Melee: Unarmed           |    18 |       ||    18
       Tailslap          |     4 |       ||     4
 Cast: Shock             |    64 |    54 ||   118
       Static Discharge  |       |     2 ||     2
Armor: Skin              |    18 |     2 ||    20
Dodge: Dodged            |    23 |     4 ||    27

Table legend: (Time is in decaauts)
 A = Elapsed time spent in this place.
 B = Non-inter-level travel time spent in this place.
 C = Inter-level travel time spent in this place.
 D = Time resting spent in this place.
 E = Time spent auto-exploring this place.
 F = Levels seen in this place.
 G = Mean time per level.
                   A        B        C        D        E       F      G
               +--------+--------+--------+--------+--------+-----+--------+
         Total |   2509 |   2470 |     39 |     26 |   2153 |   3 |  836.3 |
       Dungeon |   2509 |   2470 |     39 |     26 |   2153 |   3 |  836.3 |
               +--------+--------+--------+--------+--------+-----+--------+

Top non-repeatable levels by time:
     D:1: 1426 daAuts
     D:2: 1004 daAuts
     D:3: 78 daAuts
